 Dungeon Crawl Stone Soup version 0.17-a0-1007-gb2305a1 (webtiles) character file.

282 Jine the Shield-Bearer (level 6, -2/48 HPs)
             Began as a Human Fighter on May 13, 2015.
             Slain by an orc priest
             ... wielding a +0 club
              (3 damage)
             ... on level 4 of the Dungeon.
             The game lasted 00:09:24 (3578 turns).

Jine the Shield-Bearer (Human Fighter)              Turns: 3578, Time: 00:09:24

Health: -2/48      AC: 14    Str: 23    XL:     6   Next: 54%
Magic:  6/6        EV:  4    Int:  9    God:
Gold:   234        SH: 10    Dex: 12    Spells: 0 memorised, 5 levels left

rFire  + . .     SeeInvis .     a - +0 flail
rCold  + . .     Clarity  .     n - +0 plate armour
rNeg   . . .     SustAb   .     c - +0 shield
rPois  .         Gourm    .     (no helmet)
rElec  .         Spirit   .     t - +1 cloak "Obayro" {rF+ rC+}
rCorr  .         Warding  .     (no gloves)
rMut   .         Stasis   .     (no boots)
MR     .....                    (no amulet)
Stlth  ..........               l - +1 ring of slaying
                                g - ring of wizardry

@: mighty, not resistant to hostile enchantments, extremely unstealthy
A: no striking features
a: no special abilities


You were on level 4 of the Dungeon.
You were not hungry.

You visited 1 branch of the dungeon, and saw 5 of its levels.

You collected 234 gold pieces.

Inventory:

Hand weapons
 a - a +0 flail (weapon)
 o - a +1 whip
Armour
 b - a +0 scale mail
 c - a +0 shield (worn)
 n - a +0 plate armour (worn)
 p - a +0 ring mail
 t - the +1 cloak "Obayro" (worn) {rF+ rC+}
   (You found it on level 4 of the Dungeon)

   It protects you from fire.
   It protects you from cold.
Jewellery
 f - a cursed ring of teleportation {unknown}
 g - a ring of wizardry (left hand)
 l - a +1 ring of slaying (right hand)
 s - a +2 ring of strength {unknown}
Scrolls
 e - a scroll of enchant armour {unknown}
 h - 3 scrolls of teleportation
 j - a scroll of fog {unknown}
 u - a scroll of noise {unknown}
 x - a scroll of remove curse {unknown}
Potions
 d - 2 potions of might
 i - a potion of resistance {unknown}
 k - 3 potions of curing {unknown}
 m - a potion of ambrosia
 q - a potion of poison {unknown}
Comestibles
 r - 3 meat rations
 v - 2 bread rations
 w - a slice of pizza


   Skills:
 + Level 4.0 Fighting
 + Level 3.2 Maces & Flails
 + Level 4.2 Armour
 + Level 0.8 Dodging
 + Level 4.5 Shields


You had 5 spell levels left.
You didn't know any spells.

Dungeon Overview and Level Annotations

Branches:
Dungeon (5/15)
 Temple: D:4-7

Altars:
Ashenzari
Cheibriados
Nemelex Xobeh
Yredelemnul


Message History

You hit the orc priest.
The orc priest is moderately wounded.
The orc priest hits you but does no damage.
You barely miss the orc priest.
The orc priest is moderately wounded.
The orc priest hits you but does no damage.
You hit the orc priest.
The orc priest is severely wounded.
The orc priest utters an invocation to Beogh.
You feel troubled.
You hit the orc priest.
The orc priest is almost dead.
You block the orc priest's attack.
The orc priest mumbles some strange prayers to Beogh against you.
Something smites you!
* * * LOW HITPOINT WARNING * * *
Your shield and plate armour prevent you from hitting the orc priest.
The orc priest is almost dead.
The orc priest hits you with a club.
You die...

..#.#.# #[.#... #.#.#.#
##..#.## #.#.#.# #......#
#.#.#.# ###.#..#
#.#.#.####......#
....#...##.##.#.#
#######.##......#
....###.#####..####.#
###............o@...#
#..##..).###.######
#..#####P#.P..)##.#
###..# ..#...⌠P..#.#####
.....###.##P.(....#.....#
.).........#_._._##.###.#
...........##P(.###.# #.#
...........#..#####.# #.#
.#.........#..#.....# #.#


You could see an orc priest.

Vanquished Creatures
  A centaur (D:3)
  3 orc wizards (D:4)
  A gnoll (D:4)
  4 adders
  An ooze (D:4)
  3 worms
  A giant gecko (D:3)
  5 orcs
  6 bats
  4 giant cockroaches
  8 goblins
  3 hobgoblins
  6 quokkas
  A ball python (D:1)
  A giant gecko skeleton (D:4)
  2 giant newts (D:1)
  14 kobolds
  9 rats
73 creatures vanquished.

Vanquished Creatures (others)
  An orc (D:4)
1 creature vanquished.

Grand Total: 74 creatures vanquished

Notes
Turn   | Place    | Note
--------------------------------------------------------------
     0 | D:1      | Jine the Human Fighter began the quest for the Orb.
     0 | D:1      | Reached XP level 1. HP: 18/18 MP: 1/1
   152 | D:1      | Reached XP level 2. HP: 20/24 MP: 2/2
   939 | D:2      | Reached XP level 3. HP: 21/29 MP: 3/3
   971 | D:2      | Found a basalt altar of Yredelemnul.
  1618 | D:3      | Reached XP level 4. HP: 35/35 MP: 4/4
  1729 | D:3      | You fall through a shaft for 2 floors!
  1729 | D:5      | Entered Level 5 of the Dungeon
  1860 | D:4      | Found a snail-covered altar of Cheibriados.
  1860 | D:4      | Found a sparkling altar of Nemelex Xobeh.
  1862 | D:4      | Found a shattered altar of Ashenzari.
  2040 | D:4      | Got an encrusted cloak
  2046 | D:4      | Identified the +1 cloak "Obayro" {rF+ rC+} (You found it on level 4 of the Dungeon)
  2348 | D:3      | Reached XP level 5. HP: 41/41 MP: 5/5
  2367 | D:3      | Reached skill level 4 in Shields
  2861 | D:3      | Noticed a centaur
  2925 | D:3      | Killed a centaur
  3225 | D:4      | Reached XP level 6. HP: 41/48 MP: 6/6
  3577 | D:4      | HP: 1/48 [orc priest/divine providence (10)]
  3578 | D:4      | Slain by an orc priest

Vault maps used:
D:1:      dpeg_arrival_court
D:2:      lemuel_crystal_altar, hex_tiny, lightli_corner_chamber
D:3:      first_bread
D:4:      gammafunk_temple_overflow_forgotten
D:5:      uniq_blork_the_orc, uniq_prince_ribbit1, uniq_eustachio

Action                   |  1- 3 |  4- 6 || total
-------------------------+-------+-------++-------
Melee: Flail             |    97 |   169 ||   266
  Use: Scroll            |     5 |       ||     5
       Potion            |       |     1 ||     1
  Eat: Bread ration      |     1 |       ||     1
       Meat ration       |       |     1 ||     1
